 Dungeon Crawl Stone Soup version 0.30-a0-691-g754fce4c43 (webtiles) character file.

Game seed: 904933944463256690

27 Darius099 the Sneak (level 2, -10/29 HPs)
             Began as a Troll Delver on Jan 20, 2023.
             Mangled by an ogre
             ... wielding a +0 giant club
              (14 damage)
             ... on level 5 of the Dungeon.
             The game lasted 00:00:10 (24 turns).

Darius099 the Sneak (Troll Delver)                    Turns: 24, Time: 00:00:11

Health: -10/29     AC:  4    Str: 19    XL:     2   Next: 93%
Magic:  1/1        EV: 10    Int:  6    God:
Gold:   15         SH:  0    Dex: 11    Spells: 1/1 levels left

rFire   . . .      SeeInvis .      - Unarmed
rCold   . . .      Faith    .    (no shield)
rNeg    . . .      Spirit   .    a - +0 robe
rPois   .          Reflect  .    (helmet restricted)
rElec   .          Harm     .    (no cloak)
rCorr   .          Rampage  .    (gloves unavailable)
Will    .....                    (boots unavailable)
Stlth   ++                       (no amulet)
HPRegen 1.04/turn                (no ring)
MPRegen 0.07/turn                (no ring)

@: no status effects
A: large, unfitting armour, claws 3, regeneration 1, shaggy fur 1, tough skin 1
a: no special abilities


You were on level 5 of the Dungeon.
You visited 1 branch of the dungeon, and saw 1 of its levels.

You collected 15 gold pieces.

Inventory:

Armour
 a - a +0 robe (worn)
Wands
 f - a wand of digging (3)
Scrolls
 b - a scroll of fog
 c - a scroll of magic mapping
 d - a scroll of fear
Potions
 e - a potion of haste


   Skills:
 + Level 2.7 Fighting
 + Level 2.0 Dodging
 + Level 2.9 Stealth
 + Level 2.4 Unarmed Combat


You had one spell level left.
You didn't know any spells.
Your spell library was empty.

Dungeon Overview and Level Annotations

Branches:
Dungeon (5/15)
 Temple: D:4-7

Altars:


Innate Abilities, Weirdness & Mutations

You are too large for most types of armour.
You have claws for hands.
Your natural rate of healing is unusually fast.
You are covered in fur. (AC +1)
You have tough skin. (AC +1)


Message History

Found 16 gold pieces.
An orc wizard comes into view. It is wielding a +0 dagger.
An ogre and an orc come into view.
The orc is wielding a +2 dagger of venom.
The helpless orc wizard fails to defend itself.
You scratch the orc wizard.
The orc wizard is lightly wounded.
The orc wizard barely misses you.
You claw the orc wizard!
The orc wizard is severely wounded.
The orc shouts!
The orc wizard casts a spell at you. The magic dart hits you.
The orc wizard shouts!
The orc shouts!
You claw the orc wizard!
You kill the orc wizard!
You hear a shout! x2
You have reached level 2!
You claw the orc!
You kill the orc!
Your Dodging skill increases to level 2!
An adder comes into view.
Found a stone staircase leading up.
An orc comes into view. It is wielding a +0 club.
The orc wizard points at you and mumbles some strange words.
The magic dart hits you.
Items here: )) [[ ††.
You barely miss the orc wizard.
The adder hisses angrily.
The ogre hits you with a +0 giant club! The orc wizard casts a spell at you.
The magic dart hits you!
* * * LOW HITPOINT WARNING * * *
You claw the orc wizard! Your claw misses the orc wizard.
The orc wizard is severely wounded.
The orc wizard hits you with a +0 dagger.
* * * LOW HITPOINT WARNING * * *
The ogre hits you with a +0 giant club!
You die...

............##
#............##.#
####..##............
###.#................#
##.............S.......
#..."...^..............
###...##......#........
##.....)...##.O.....<
##...#.......@o......
#....##.#............
###.#...#.#.....o......
#..>#.#....###....$....
##.##.#..... ..........
... #......##...##.o...
.... ..##...##..##
##.## .... ##....###.#
.. #.#.


You could see an ogre, an orc wizard, an adder and 2 orcs.

Vanquished Creatures
  An orc wizard (D:5)
  2 orcs (D:5)
3 creatures vanquished.

Notes
Turn   | Place    | Note
-------+----------+-------------------------------------------
     0 | D:5      | Darius099 the Troll Delver began the quest for the Orb.
     0 | D:5      | Reached XP level 1. HP: 22/22 MP: 0/0
     9 | D:5      | Noticed an orc wizard
    16 | D:5      | Noticed an orc wizard
    17 | D:5      | Noticed an ogre
    20 | D:5      | Killed an orc wizard
    21 | D:5      | Reached XP level 2. HP: 24/29 MP: 1/1
    24 | D:5      | Mangled by an ogre

Illustrated notes

Levels and vault maps discovered:
D:5:      layout_cave_pools, temple_pool_b, minmay_misc_feat_tower,
          saegor_snake_ambush

Skill      XL: |  1  2 |
---------------+-------+-----
Dodging        | 2 |  2.0
Fighting       | |  2.7
Stealth        | |  2.9
Unarmed Combat | |  2.4

Action                   || total
-------------------------++-------
Melee: Unarmed           ||     7
 Stab: Sleeping          ||     1
Dodge: Dodged            ||     1

Table legend: (Time is in decaauts)
 A = Elapsed time spent in this place.
 B = Non-inter-level travel time spent in this place.
 C = Inter-level travel time spent in this place.
 D = Time resting spent in this place.
 E = Time spent auto-exploring this place.
 F = Levels seen in this place.
 G = Mean time per level.
                   A        B        C        D        E       F      G
               +--------+--------+--------+--------+--------+-----+--------+
         Total |     23 |     23 |      0 |      0 |      0 |   1 |   23.0 |
       Dungeon |     23 |     23 |      0 |      0 |      0 |   1 |   23.0 |
               +--------+--------+--------+--------+--------+-----+--------+

Top non-repeatable levels by time:
     D:5: 23 daAuts
